TOP OF THE 1ST |
Savannah Hogs batting - Pitching for State College Spikes : RHP Germán Hernández
|
Pitching: RHP Germán Hernández
|
|
Batting: RHB Guillermo González
|
0-0: SINGLE (Flyball, 89S)
|
Batting: LHB Mario Álvarez
|
0-0: Fly out, F8 (Flyball, 8RD)
|
Batting: RHB Henry Dawson
|
0-0: Ball 1-0: Called Strike 1-1: Foul Ball, location: 2F 1-2: Strikes out swinging
|
Batting: LHB Jim Clemente
|
0-0: Ball 1-0: Fly out, F7 (Flyball, 7LM)
|
Top of the 1st over - 0 run(s), 1 hit(s), 0 error(s), 1 left on base; Savannah 0 - State College 0 |
BOTTOM OF THE 1ST |
State College Spikes batting - Pitching for Savannah Hogs : RHP Mike Gordon
|
Pitching: RHP Mike Gordon
|
|
Batting: RHB Luis Quezada
|
0-0: Called Strike 0-1: SINGLE (Line Drive, 78S)
|
Batting: RHB Piotr Zahn
|
0-0: Foul Ball, location: 2F 0-1: Called Strike Luis Quezada steals 2nd base 0-2: Ball 1-2: Reached via error on a dropped throw, E3 Luis Quezada to third
|
Batting: RHB Tony Parker
|
0-0: Ball 1-0: Fly out, F9 (Flyball, 9D) Runner from 3rd tags up, SCORES, no throw
|
Batting: SHB Thomas Simmons
|
0-0: Called Strike 0-1: Ground out 4-3 (Groundball, 4S) Piotr Zahn to second
|
Batting: RHB Alonzo Herrera
|
0-0: Foul Ball, location: 2F 0-1: Ball Wild Pitch! Piotr Zahn to third 1-1: Fly out, F5 (Popup, 56S)
|
Bottom of the 1st over - 1 run(s), 1 hit(s), 1 error(s), 1 left on base; Savannah 0 - State College 1 |
TOP OF THE 2ND |
Savannah Hogs batting - Pitching for State College Spikes : RHP Germán Hernández
|
Batting: RHB Sergio Moreno
|
0-0: Ball 1-0: Foul Ball, location: 2F 1-1: Ball 2-1: Called Strike 2-2: Strikes out swinging
|
Batting: LHB Miguel Medellín
|
0-0: Fly out, F7 (Flyball, 7LSF)
|
Batting: RHB Remi Eruzione
|
0-0: Called Strike 0-1: Foul Ball, location: 2F 0-2: Ball 1-2: Strikes out swinging
|
Top of the 2nd over - 0 run(s), 0 hit(s), 0 error(s), 0 left on base; Savannah 0 - State College 1 |
BOTTOM OF THE 2ND |
State College Spikes batting - Pitching for Savannah Hogs : RHP Mike Gordon
|
Batting: LHB Phil Neal
|
0-0: Called Strike 0-1: Ball 1-1: Called Strike 1-2: Fly out, F8 (Flyball, 8LS)
|
Batting: RHB Will Stafford
|
0-0: Called Strike 0-1: Ball 1-1: Swinging Strike 1-2: Ball 2-2: Strikes out looking
|
Batting: RHB Luis Montoya
|
0-0: SINGLE (Line Drive, 6D)
|
Batting: LHB Burt Ward
|
0-0: Ball 1-0: Ball 2-0: Called Strike 2-1: 2-RUN HOME RUN (Flyball, 9D), Distance : 402 ft
|
Batting: RHB Luis Quezada
|
0-0: Ball 1-0: Ball 2-0: Fly out, F3 (Line Drive, 3)
|
Bottom of the 2nd over - 2 run(s), 2 hit(s), 0 error(s), 0 left on base; Savannah 0 - State College 3 |
TOP OF THE 3RD |
Savannah Hogs batting - Pitching for State College Spikes : RHP Germán Hernández
|
Batting: RHB Ramón Gómez
|
0-0: Swinging Strike 0-1: Ball 1-1: Foul Ball, location: 2F 1-2: Ball 2-2: SINGLE (Line Drive, 56D)
|
Batting: RHB Luis González
|
0-0: Ball 1-0: Called Strike 1-1: Foul Ball, location: 2F 1-2: Strikes out swinging
|
Batting: RHB Guillermo González
|
0-0: Called Strike 0-1: Foul Ball, location: 2F 0-2: Ball 1-2: Ball 2-2: Foul Ball, location: 2F 2-2: Ball Pickoff Throw to First - Error! E1 Ramón Gómez to second 3-2: Foul Ball, location: 2F 3-2: Strikes out swinging
|
Batting: LHB Mario Álvarez
|
0-0: Called Strike 0-1: Foul Ball, location: 2F 0-2: Fly out, F9 (Flyball, 9)
|
Top of the 3rd over - 0 run(s), 1 hit(s), 1 error(s), 1 left on base; Savannah 0 - State College 3 |
BOTTOM OF THE 3RD |
State College Spikes batting - Pitching for Savannah Hogs : RHP Mike Gordon
|
Batting: RHB Piotr Zahn
|
0-0: Ground out U3 (Groundball, 34)
|
Batting: RHB Tony Parker
|
0-0: Ball 1-0: Swinging Strike 1-1: Foul Ball, location: 2F 1-2: SINGLE (Groundball, 4MD)
|
Batting: SHB Thomas Simmons
|
0-0: Ball Tony Parker steals 2nd base 1-0: Called Strike 1-1: Foul Ball, location: 2F 1-2: Foul Ball, location: 2F 1-2: Foul Ball, location: 2F 1-2: Ball 2-2: Ground out 1-3 (Groundball, 15S)
|
Batting: RHB Alonzo Herrera
|
0-0: Ball 1-0: Foul Ball, location: 2F 1-1: Ground out U3 (Groundball, 34)
|
Bottom of the 3rd over - 0 run(s), 1 hit(s), 0 error(s), 1 left on base; Savannah 0 - State College 3 |
TOP OF THE 4TH |
Savannah Hogs batting - Pitching for State College Spikes : RHP Germán Hernández
|
Batting: RHB Henry Dawson
|
0-0: Ball 1-0: Fly out, F9 (Flyball, 9S)
|
Batting: LHB Jim Clemente
|
0-0: Ball 1-0: Called Strike 1-1: Ball 2-1: Ground out 5-3 (Groundball, 56)
|
Batting: RHB Sergio Moreno
|
0-0: Ball 1-0: Ball 2-0: Foul Ball, location: 2F 2-1: Foul Ball, location: 2F 2-2: Strikes out swinging
|
Top of the 4th over - 0 run(s), 0 hit(s), 0 error(s), 0 left on base; Savannah 0 - State College 3 |
BOTTOM OF THE 4TH |
State College Spikes batting - Pitching for Savannah Hogs : RHP Mike Gordon
|
Batting: LHB Phil Neal
|
0-0: Ball 1-0: Swinging Strike 1-1: Foul Ball, location: 2F 1-2: Ball 2-2: Ball 3-2: Foul Ball, location: 2F 3-2: Base on Balls
|
Batting: RHB Will Stafford
|
0-0: Ball 1-0: Foul Ball, location: 2F 1-1: Ball 2-1: Grounds into double play, 4-6-3 (Groundball, 4M)
|
Batting: RHB Luis Montoya
|
0-0: Called Strike 0-1: Ball 1-1: Ball 2-1: Called Strike 2-2: Ball 3-2: Ground out 4-3 (Groundball, 4MS)
|
Bottom of the 4th over - 0 run(s), 0 hit(s), 0 error(s), 0 left on base; Savannah 0 - State College 3 |
TOP OF THE 5TH |
Savannah Hogs batting - Pitching for State College Spikes : RHP Germán Hernández
|
Batting: LHB Miguel Medellín
|
0-0: Ball 1-0: Ball 2-0: Ground out 6-3 (Groundball, 6)
|
Batting: RHB Remi Eruzione
|
0-0: Called Strike 0-1: SOLO HOME RUN (Flyball, 78XD), Distance : 408 ft
|
Batting: RHB Ramón Gómez
|
0-0: Foul Ball, location: 2F 0-1: Ball 1-1: Called Strike 1-2: Ground out 6-3 (Groundball, 6)
|
Batting: RHB Luis González
|
0-0: Called Strike 0-1: Ball 1-1: Foul Ball, location: 2F 1-2: Ball 2-2: Strikes out looking
|
Top of the 5th over - 1 run(s), 1 hit(s), 0 error(s), 0 left on base; Savannah 1 - State College 3 |
BOTTOM OF THE 5TH |
State College Spikes batting - Pitching for Savannah Hogs : RHP Mike Gordon
|
Batting: LHB Burt Ward
|
0-0: Called Strike 0-1: Ball 1-1: Ball 2-1: Fly out, F4 (Line Drive, 4)
|
Batting: RHB Luis Quezada
|
0-0: Ball 1-0: Ball 2-0: Foul Ball, location: 2F 2-1: Swinging Strike 2-2: Foul Ball, location: 2F 2-2: Ball 3-2: Strikes out swinging
|
Batting: RHB Piotr Zahn
|
0-0: Ball 1-0: Fly out, F8 (Flyball, 89M)
|
Bottom of the 5th over - 0 run(s), 0 hit(s), 0 error(s), 0 left on base; Savannah 1 - State College 3 |
TOP OF THE 6TH |
Savannah Hogs batting - Pitching for State College Spikes : RHP Germán Hernández
|
Batting: RHB Guillermo González
|
0-0: Ball 1-0: Ball 2-0: SINGLE (Groundball, 34D)
|
Batting: LHB Mario Álvarez
|
0-0: Ball 1-0: TRIPLE (Line Drive, 9LS) Guillermo González scores
|
Batting: RHB Henry Dawson
|
0-0: Swinging Strike 0-1: Ball 1-1: Ball 2-1: Called Strike 2-2: TRIPLE (Flyball, 78XD) Mario Álvarez scores
|
Batting: LHB Jim Clemente
|
0-0: Ball 1-0: Reached on error, E4 (Groundball, 4) Henry Dawson scores
|
Batting: RHB Sergio Moreno
|
0-0: Called Strike 0-1: Ball 1-1: Reached on error, E5 (Groundball, 56) Jim Clemente to second
|
Batting: LHB Miguel Medellín
|
0-0: SINGLE (Line Drive, 56) Jim Clemente to third Sergio Moreno to second Runner from 3rd tries for Home, SAFE, no throw
|
Batting: RHB Remi Eruzione
|
0-0: Called Strike 0-1: DOUBLE (Flyball, 78XD) Sergio Moreno scores Miguel Medellín to third
|
Batting: RHB Ramón Gómez
|
0-0: Intentional Walk
|
Pitching: RHP Javier Molina
|
|
Batting: RHB Luis González
|
0-0: Called Strike 0-1: Ball 1-1: Ball 2-1: Foul Ball, location: 2F 2-2: Strikes out looking
|
Batting: RHB Guillermo González
|
0-0: Called Strike 0-1: Swinging Strike 0-2: Strikes out swinging
|
Batting: LHB Mario Álvarez
|
0-0: Called Strike 0-1: Foul Ball, location: 2F 0-2: Ball Wild Pitch! Miguel Medellín scores Remi Eruzione to third Ramón Gómez to second 1-2: Strikes out looking
|
Top of the 6th over - 6 run(s), 5 hit(s), 2 error(s), 2 left on base; Savannah 7 - State College 3 |
BOTTOM OF THE 6TH |
State College Spikes batting - Pitching for Savannah Hogs : RHP Mike Gordon
|
Batting: RHB Tony Parker
|
0-0: SINGLE (Groundball, 6MD)
|
Batting: SHB Thomas Simmons
|
0-0: Ball Tony Parker steals 2nd base 1-0: Ball 2-0: Ball 3-0: Hit by Pitch
|
Pitching: RHP Jorge Durán
|
|
Batting: RHB Alonzo Herrera
|
0-0: Ball 1-0: Ball 2-0: Ball 3-0: Called Strike 3-1: SINGLE (Line Drive, 4D) Tony Parker to third Thomas Simmons to second Runner from 3rd tries for Home, SAFE, no throw
|
Batting: LHB Phil Neal
|
0-0: Ball 1-0: Foul Ball, location: 2F 1-1: Ball 2-1: Foul Ball, location: 2F 2-2: Foul Ball, location: 2F 2-2: Foul Ball, location: 2F 2-2: SINGLE (Line Drive, 7S) Thomas Simmons to third Alonzo Herrera to second
|
Batting: RHB Will Stafford
|
0-0: Ball 1-0: Grounds into double play, 6-4-3 (Groundball, 6) Thomas Simmons scores Alonzo Herrera to third
|
Batting: RHB Luis Montoya
|
0-0: Called Strike 0-1: Ball 1-1: Ball 2-1: Foul Ball, location: 2F 2-2: Ball 3-2: Foul Ball, location: 2F 3-2: Ground out 6-3 (Groundball, 6)
|
Bottom of the 6th over - 2 run(s), 3 hit(s), 0 error(s), 1 left on base; Savannah 7 - State College 5 |
TOP OF THE 7TH |
Savannah Hogs batting - Pitching for State College Spikes : RHP Javier Molina
|
Batting: RHB Henry Dawson
|
0-0: Called Strike 0-1: Ball 1-1: Foul Ball, location: 2F 1-2: Foul Ball, location: 2F 1-2: Ball 2-2: Foul Ball, location: 2F 2-2: Strikes out swinging
|
Batting: LHB Jim Clemente
|
0-0: Ball 1-0: Ball 2-0: Ball 3-0: Called Strike 3-1: Base on Balls
|
Batting: RHB Sergio Moreno
|
0-0: Ball 1-0: Ball 2-0: Ball 3-0: Called Strike 3-1: SINGLE (Groundball, 6MD) Jim Clemente to second Runner from 2nd tries for 3rd, SAFE, no throw
|
Batting: LHB Miguel Medellín
|
0-0: Called Strike 0-1: Called Strike 0-2: Ball 1-2: Ball 2-2: Foul Ball, location: 2F 2-2: Strikes out swinging
|
Pinch Hitting: LHB Guillermo Santos
|
0-0: Foul Ball, location: 2F 0-1: Ball 1-1: Ball 2-1: Ball 3-1: Ground out 4-3 (Groundball, 34)
|
Top of the 7th over - 0 run(s), 1 hit(s), 0 error(s), 2 left on base; Savannah 7 - State College 5 |
BOTTOM OF THE 7TH |
State College Spikes batting - Pitching for Savannah Hogs : RHP Jorge Durán
|
Now in CF: Guillermo Santos
|
|
Batting: LHB Burt Ward
|
0-0: Foul Ball, location: 2F 0-1: Ball 1-1: Ball 2-1: Foul Ball, location: 2F 2-2: Ball 3-2: SINGLE (Groundball, 56S) (infield hit)
|
Pitching: RHP José Gonzáles
|
|
Batting: RHB Luis Quezada
|
0-0: Called Strike Burt Ward steals 2nd base 0-1: Foul Ball, location: 2F 0-2: Foul Ball, location: 2F 0-2: Ball 1-2: Foul Ball, location: 2F 1-2: Foul Ball, location: 2F 1-2: Ground out 6-3 (Groundball, 6)
|
Batting: RHB Piotr Zahn
|
0-0: SINGLE (Groundball, 6MD) Burt Ward to third Runner from 3rd tries for Home, SAFE, no throw
|
Pitching: RHP Leonardo De La Garza
|
|
Batting: RHB Tony Parker
|
0-0: Ball 1-0: Called Strike 1-1: Ball 2-1: Fly out, F9 (Flyball, 9LDF)
|
Batting: SHB Thomas Simmons
|
0-0: Called Strike 0-1: Foul Ball, location: 2F 0-2: Ball 1-2: Ball 2-2: Ground out U3 (Groundball, 34S)
|
Bottom of the 7th over - 1 run(s), 2 hit(s), 0 error(s), 1 left on base; Savannah 7 - State College 6 |
TOP OF THE 8TH |
Savannah Hogs batting - Pitching for State College Spikes : RHP Javier Molina
|
Batting: RHB Ramón Gómez
|
0-0: Called Strike 0-1: Ball 1-1: Ball 2-1: Foul Ball, location: 2F 2-2: Strikes out swinging
|
Batting: RHB Luis González
|
0-0: Called Strike 0-1: Ball 1-1: Ball 2-1: Foul Ball, location: 2F 2-2: Ball 3-2: Foul Ball, location: 2F 3-2: Foul Ball, location: 2F 3-2: Foul Ball, location: 2F 3-2: Base on Balls
|
Pinch Hitting: RHB Javier Músquez
|
0-0: Ball 1-0: Swinging Strike 1-1: Fly out, F8 (Flyball, 8RM)
|
Pitching: RHP Tomás Hurtado
|
|
Pinch Hitting: LHB Juan Delgado
|
0-0: Called Strike 0-1: Called Strike 0-2: Fly out, F9 (Flyball, 9S)
|
Top of the 8th over - 0 run(s), 0 hit(s), 0 error(s), 1 left on base; Savannah 7 - State College 6 |
BOTTOM OF THE 8TH |
State College Spikes batting - Pitching for Savannah Hogs : RHP Leonardo De La Garza
|
Now at 2B: Anastasio Movonda
|
|
Now in CF: Javier Músquez
|
|
Batting: RHB Alonzo Herrera
|
0-0: Called Strike 0-1: Ball 1-1: Swinging Strike 1-2: Ball 2-2: Ball 3-2: SINGLE (Groundball, 4M) (infield hit)
|
Batting: LHB Phil Neal
|
0-0: Ball 1-0: Ball 2-0: Foul Ball, location: 2F 2-1: Called Strike 2-2: Ball 3-2: Foul Ball, location: 2F 3-2: Strikes out looking
|
Pinch Hitting: LHB Wally Harris
|
0-0: Swinging Strike 0-1: DOUBLE (Line Drive, 7LM) Alonzo Herrera to third Runner from 3rd tries for Home, SAFE, no throw
|
Batting: RHB Luis Montoya
|
0-0: Ball 1-0: Foul Ball, location: 2F 1-1: Ball Wild Pitch! Wally Harris to third 2-1: Fly out, F6 (Line Drive, 6)
|
Batting: LHB Burt Ward
|
0-0: Ball 1-0: Swinging Strike 1-1: Foul Ball, location: 2F 1-2: Strikes out swinging
|
Bottom of the 8th over - 1 run(s), 2 hit(s), 0 error(s), 1 left on base; Savannah 7 - State College 7 |
TOP OF THE 9TH |
Savannah Hogs batting - Pitching for State College Spikes : RHP Tomás Hurtado
|
Pitching: RHP Manuel Montoya
|
|
Now at 3B: Julián Garza
|
|
Batting: RHB Henry Dawson
|
0-0: Ball 1-0: Foul Ball, location: 2F 1-1: Ball 2-1: Swinging Strike 2-2: Ball 3-2: Base on Balls
|
Batting: LHB Jim Clemente
|
0-0: Ball 1-0: Ball 2-0: Swinging Strike 2-1: Ball 3-1: Foul Ball, location: 2F 3-2: Base on Balls Henry Dawson to second
|
Batting: RHB Sergio Moreno
|
0-0: Ball 1-0: Called Strike 1-1: Ground out 4-3 (Groundball, 34D) Henry Dawson to third Jim Clemente to second
|
Batting: LHB Miguel Medellín
|
0-0: Ground out 6-3 (Groundball, 6)
|
Batting: LHB Guillermo Santos
|
0-0: Foul Ball, location: 2F 0-1: Foul Ball, location: 2F 0-2: Strikes out swinging
|
Top of the 9th over - 0 run(s), 0 hit(s), 0 error(s), 2 left on base; Savannah 7 - State College 7 |
BOTTOM OF THE 9TH |
State College Spikes batting - Pitching for Savannah Hogs : RHP Leonardo De La Garza
|
Batting: RHB Luis Quezada
|
0-0: Ball 1-0: SINGLE (Groundball, 56) (infield hit)
|
Batting: RHB Piotr Zahn
|
0-0: Called Strike 0-1: SINGLE (Line Drive, 7LS) Luis Quezada to second
|
Batting: RHB Tony Parker
|
0-0: Called Strike 0-1: Foul Ball, location: 2F 0-2: Foul Ball, location: 2F 0-2: Ball 1-2: Strikes out looking
|
Batting: SHB Thomas Simmons
|
0-0: Fielders Choice at 2nd, 4-6 (Groundball, 4) Luis Quezada to third
|
Batting: RHB Alonzo Herrera
|
0-0: Called Strike 0-1: Ball 1-1: Ground out 1-3 (Groundball, 13)
|
Bottom of the 9th over - 0 run(s), 2 hit(s), 0 error(s), 2 left on base; Savannah 7 - State College 7 |
TOP OF THE 10TH |
Savannah Hogs batting - Pitching for State College Spikes : RHP Manuel Montoya
|
Pinch Hitting: LHB Pedro Medine
|
0-0: Ball 1-0: Called Strike 1-1: Swinging Strike 1-2: Ball 2-2: Strikes out swinging
|
Pinch Hitting: RHB Orlando Márquez
|
0-0: Ball 1-0: Swinging Strike 1-1: Ball 2-1: Foul Ball, location: 2F 2-2: DOUBLE (Line Drive, 78D)
|
Batting: RHB Javier Músquez
|
0-0: Swinging Strike 0-1: Fly out, F8 (Flyball, 8LM)
|
Batting: RHB Anastasio Movonda
|
0-0: Foul Ball, location: 2F 0-1: Ball 1-1: Foul Ball, location: 2F 1-2: SINGLE (Line Drive, 6MD) Orlando Márquez to third Runner from 3rd tries for Home, SAFE, no throw
|
Batting: RHB Henry Dawson
|
0-0: Foul Ball, location: 2F 0-1: Ball 1-1: Foul Ball, location: 2F 1-2: Reached on error, E5 (Groundball, 56) Anastasio Movonda to second
|
Pitching: RHP Don Shelton
|
|
Batting: LHB Jim Clemente
|
0-0: Foul Ball, location: 2F 0-1: Foul Ball, location: 2F 0-2: SINGLE (Groundball, 34D) - runner OUT being hit by batted ball.
|
Top of the 10th over - 1 run(s), 3 hit(s), 1 error(s), 2 left on base; Savannah 8 - State College 7 |
BOTTOM OF THE 10TH |
State College Spikes batting - Pitching for Savannah Hogs : RHP Leonardo De La Garza
|
Pitching: RHP António Baca
|
|
Now at 3B: Ernesto Gómez
|
|
Now in LF: Orlando Márquez
|
|
Batting: LHB Phil Neal
|
0-0: Ball 1-0: Ground out 4-3 (Groundball, 4)
|
Pinch Hitting: RHB Scott Lee
|
0-0: Foul Ball, location: 2F 0-1: Foul Ball, location: 2F 0-2: Ball 1-2: Ball 2-2: Ball 3-2: Base on Balls
|
Pinch Runner at 1st Norberto Márquez:
|
|
Batting: RHB Luis Montoya
|
0-0: Fly out, F6 (Line Drive, 56)
|
Batting: LHB Burt Ward
|
0-0: Called Strike 0-1: Foul Ball, location: 2F 0-2: Foul Ball, location: 2F 0-2: Ball 1-2: Foul Ball, location: 2F 1-2: Ball 2-2: Foul Ball, location: 2F 2-2: Foul Ball, location: 2F 2-2: SINGLE (Flyball, 6MD) Norberto Márquez to second Runner from 2nd tries for 3rd, SAFE, throw made to third Burt Ward to second
|
Batting: RHB Luis Quezada
|
0-0: Called Strike 0-1: Foul Ball, location: 2F 0-2: Ground out 4-3 (Groundball, 4)
|
Bottom of the 10th over - 0 run(s), 1 hit(s), 0 error(s), 2 left on base; Savannah 8 - State College 7 |
|